 Dungeon Crawl Stone Soup version 0.21-a0-471-gd587bd5 (webtiles) character file.

1633 Laiders the Geomancer (level 8, 0/41 HPs)
             Began as a Gargoyle Earth Elementalist on Nov 21, 2017.
             Was an Initiate of Vehumet.
             Slain by an orc warrior
             ... wielding a +1 halberd of freezing
              (1 damage)
             ... on level 6 of the Dungeon.
             The game lasted 00:21:23 (6807 turns).

Laiders the Geomancer (Gargoyle Earth Elementalist) Turns: 6807, Time: 00:21:24

Health: 0/41       AC: 13    Str: 12    XL:     8   Next: 98%
Magic:  11/17      EV: 12    Int: 18    God:    Vehumet [......]
Gold:   184        SH:  0    Dex: 10    Spells: 10/19 levels left

rFire    . . .     SeeInvis .   v - staff of earth
rCold    . . .     Gourm    .   (no shield)
rNeg     + . .     Faith    .   c - +2 robe {MR+}
rPois    ∞         Spirit   .   (no helmet)
rElec    +         Reflect  .   (no cloak)
rCorr    +         Harm     .   s - +2 pair of gloves
MR       +....                  y - +0 pair of boots
Stlth    ++........             (no amulet)
HPRegen  0.13/turn              n - ring of resist corrosion
MPRegen  0.15/turn              u - ring of flight

@: flying
A: negative energy resistance 1, electricity resistance, unbreathing,
petrification resistance, rot immunity, AC +5
a: Renounce Religion


You were on level 6 of the Dungeon.
You worshipped Vehumet.
Vehumet was noncommittal.
You were not hungry.

You visited 2 branches of the dungeon, and saw 7 of its levels.

You collected 346 gold pieces.
You spent 162 gold pieces at shops.

Inventory:

Hand Weapons
 g - a +0 dagger
Missiles
 b - 164 stones (quivered)
Armour
 c - a +2 robe of magic resistance (worn)
 s - a +2 pair of gloves (worn)
 y - a +0 pair of boots (worn)
Magical Staves
 v - an uncursed staff of earth (weapon)
Jewellery
 j - an uncursed ring of fire
 n - a ring of resist corrosion (left hand)
 u - a ring of flight (right hand)
Wands
 p - a wand of flame (31)
 C - a wand of random effects (42)
Scrolls
 h - 8 scrolls of teleportation
 i - a scroll of amnesia
 k - a scroll of magic mapping {unknown}
 o - a scroll of random uselessness {unknown}
 r - a scroll of remove curse
 t - 2 scrolls of enchant armour
 x - a scroll of fear {unknown}
Potions
 f - a potion of flight
 l - 3 potions of curing
 q - a potion of cancellation {unknown}
 w - a potion of degeneration {unknown}
 A - a potion of lignification {unknown}
Books
 e - a book of Geomancy

   Spells                             Type                      Level
   a - Sandblast                      Earth                        1
   b - Passwall                       Transmutation/Earth          2
   c - Stone Arrow                    Conjuration/Earth            3
   d - Petrify                        Transmutation/Earth          4
   e - Lee's Rapid Deconstruction     Earth                        5
Comestibles
 a - 3 fruits
 d - 5 bread rations
 m - 2 meat rations
 z - a royal jelly
 B - a chunk of flesh


   Skills:
 - Level 1.5 Dodging
 - Level 2.1 Stealth
 - Level 6.0 Spellcasting
 - Level 3.4 Conjurations
   Level 0.7 Transmutations
 + Level 9.0 Earth Magic
 + Level 4.2 Evocations


You had 10 spell levels left.
You knew the following spells:

 Your Spells              Type           Power        Failure   Level  Hunger
a - Sandblast             Erth           ######       1%          1    None
b - Stone Arrow           Conj/Erth      #####.       2%          3    ##.....
c - Lee's Rapid Deconstr  Erth           ######....   8%          5    #####..


Dungeon Overview and Level Annotations

Branches:
Dungeon (6/15)             Temple (1/1) D:5

Altars:
Hepliaklqana
Vehumet

Shops:
D:4 *


Innate Abilities, Weirdness & Mutations

You are resistant to torment.
Your stone body is resilient. (AC +5)
You are immune to poison.
You resist negative energy. (rN+)
You are resistant to electric shocks. (rElec)
You can survive without breathing.
You are immune to petrification.
You are immune to rotting.


Message History

Casting: Stone Arrow
Confirm with . or Enter, or press ? or * to list all spells.
Aiming: Stone Arrow
Press: ? - help, Shift-Dir - straight line, f/p - orc warrior
Aim: an orc warrior, wielding a halberd of freezing and wearing a chain mail You feel a surge of power!
The stone arrow hits the orc warrior.
The orc warrior is moderately wounded.
The orc priest miscasts a cantrip.
The orc warrior hits you from afar with a halberd of freezing!
* * * LOW HITPOINT WARNING * * *
The orc warrior freezes you.
* * * LOW HITPOINT WARNING * * *
Okay, then.
It was a potion of flight.
You feel very buoyant.
You fly up into the air.
The orc warrior hits you from afar with a halberd of freezing.
* * * LOW HITPOINT WARNING * * *
The orc warrior freezes you.
You die...

#.#.##..##...###.............#..#
#...##..##...###...##.##.#...#..#
#.#.....##...)................)..
#.#.##..##.#.###...##.##...#.#...
#.#.##..##.#.# #............>.)..
#.#.##..##.#.###...##......#.#...
..#..............................
..........o...o....##.....#......
.............###@..##.###.#......
..#..##.##.#.###...##.# #.##'#...
..#..##.##.#.......##.# #.##.#...
...................##.###.##.#...
...............?.................
..##.#..##.#.##.#.###...#.####..#
....[.............# ###.#.####..#
..##.##.##.#.##.#.# #.#.##.....
..................# #.#.##.#..#


You could see an orc warrior and an orc priest.

Vanquished Creatures
  Grinder (D:3)
  A sky beast (D:3)
  A phantom (D:4)
  2 ogres
  A centaur (D:6)
  4 wights (D:6)
  2 crimson imps
  A jelly (D:2)
  A bullfrog skeleton (D:6)
  5 orc priests
  4 orc wizards
  3 centaur skeletons
  5 worker ants
  4 gnolls (D:5)
  8 adders
  2 oozes
  An adder zombie (D:6)
  5 worms
  5 dart slugs
  5 leopard geckos
  22 orcs
  4 giant cockroaches
  8 goblins
  11 hobgoblins
  8 jackals
  6 kobolds
  A quokka (D:3)
  2 ball pythons
  11 bats
  5 frilled lizards
  A giant cockroach zombie (D:6)
  A jackal skeleton (D:5)
  6 rats
147 creatures vanquished.

Notes
Turn   | Place    | Note
-------+----------+-------------------------------------------
     0 | D:1      | Laiders the Gargoyle Earth Elementalist began the quest for the Orb.
     0 | D:1      | Reached XP level 1. HP: 10/10 MP: 3/3
   109 | D:1      | Reached skill level 4 in Earth Magic
   364 | D:1      | Reached XP level 2. HP: 15/15 MP: 3/5
   695 | D:1      | Reached skill level 5 in Earth Magic
   695 | D:1      | Reached XP level 3. HP: 15/19 MP: 6/6
  1448 | D:2      | Learned a level 3 spell: Stone Arrow
  1501 | D:2      | Reached XP level 4. HP: 24/24 MP: 4/7
  1688 | D:2      | Reached skill level 6 in Earth Magic
  1724 | D:2      | Reached skill level 1 in Conjurations
  2226 | D:3      | Noticed Grinder
  2342 | D:3      | Reached XP level 5. HP: 28/28 MP: 4/8
  2354 | D:3      | Paralysed by Grinder for 5 turns
  2363 | D:3      | Paralysed by Grinder for 4 turns
  2368 | D:3      | Killed Grinder
  2368 | D:3      | Reached XP level 6. HP: 11/32 MP: 0/11
  2578 | D:3      | Learned a level 5 spell: Lee's Rapid Deconstruction
  3080 | D:3      | Noticed a sky beast
  3092 | D:3      | Killed a sky beast
  3092 | D:3      | Reached XP level 7. HP: 34/36 MP: 6/13
  3349 | D:3      | Reached skill level 7 in Earth Magic
  3349 | D:3      | Reached skill level 1 in Evocations
  3866 | D:4      | Found Gafrez's Assorted Antiques.
  3876 | D:4      | Bought a runed robe for 81 gold pieces
  3889 | D:4      | Bought a runed robe for 81 gold pieces
  4537 | D:4      | Reached skill level 5 in Spellcasting
  4537 | D:4      | Reached XP level 8. HP: 27/41 MP: 13/15
  4643 | D:4      | Found a hazy altar of Hepliaklqana.
  4781 | D:5      | Entered Level 5 of the Dungeon
  5318 | D:5      | Reached skill level 8 in Earth Magic
  5438 | D:5      | Found a staircase to the Ecumenical Temple.
  5504 | Temple   | Entered the Ecumenical Temple
  5516 | Temple   | Became a worshipper of Vehumet
  6560 | D:6      | Reached skill level 9 in Earth Magic
  6807 | D:6      | HP: 1/41 [orc warrior/halberd of freezing (2)]
  6807 | D:6      | Slain by an orc warrior

Vault maps used:
D:1:      saegor_arrival_simple_d
D:2:      first_bread
D:3:      uniq_grinder
D:4:      lemuel_coloured_pillars_altar, serial_shops,
          nicolae_shop_overgrown_old_shop
D:5:      temple_green
Temple:   hc_temple_tempest_star

Skill      XL: |  1  2  3  4  5  6  7  8 |
---------------+-------------------------+-----
Earth Magic    | 4 5 6 7 9 |  9.0
Conjurations   | 1 3 |  3.4
Spellcasting   | 3 4 5 6 |  6.0
Evocations     | 2 4 |  4.2
Dodging        | |  1.5
Stealth        | |  2.1
Transmutations | |  0.7

Action                   |  1- 3 |  4- 6 |  7- 9 || total
-------------------------+-------+-------+-------++-------
Melee: Dagger            |   109 |    87 |       ||   196
       Unarmed           |     3 |       |       ||     3
       Staff             |       |       |   221 ||   221
 Cast: Sandblast         |    17 |    37 |    36 ||    90
       Stone Arrow       |       |     9 |    34 ||    43
       Lee's Rapid Decon |       |       |     6 ||     6
  Use: Scroll            |     1 |     2 |     4 ||     7
       Potion            |       |       |     2 ||     2
 Stab: Sleeping          |     3 |     1 |     1 ||     5
  Eat: Chunk             |     2 |     6 |    16 ||    24
Armor: Robe              |    57 |    44 |   130 ||   231
Dodge: Dodged            |    88 |    83 |   190 ||   361

Table legend:
 A = Spawn XP
 B = Non-spawn XP
 C = Spawn XP percentage of total XP
 D = Spawn monster count
 E = Non-spawn monster count
 F = Spawn count percentage of total count
 G = Total turns spent on level
                    A         B        C        D         E        F      G
               +---------+---------+-------+---------+---------+-------+---------
         Total |       0 |    2333 |   0.0 |       0 |     147 |   0.0 |  6807
               +---------+---------+-------+---------+---------+-------+---------
           D:1 |       0 |      51 |   0.0 |       0 |      26 |   0.0 |  1135
           D:2 |       0 |     100 |   0.0 |       0 |      21 |   0.0 |  1069
           D:3 |       0 |     736 |   0.0 |       0 |      38 |   0.0 |  1451
           D:4 |       0 |     313 |   0.0 |       0 |      15 |   0.0 |  1126
           D:5 |       0 |     518 |   0.0 |       0 |      25 |   0.0 |  1017
           D:6 |       0 |     615 |   0.0 |       0 |      22 |   0.0 |   987
               +---------+---------+-------+---------+---------+-------+---------
